 Dungeon Crawl Stone Soup version 0.30-a0-1112-gfb780f5df6 (webtiles) character file.

Game seed: 8131431968321629720

74 LustLizard the Gusty (level 4, -1/24 HPs)
             Began as a Deep Elf Air Elementalist on Apr 20, 2023.
             Slain by Sigmund
             ... wielding a +0 scythe
              (5 damage)
             ... on level 2 of the Dungeon.
             The game lasted 00:03:09 (1724 turns).

LustLizard the Gusty (Deep Elf Air Elementalist)    Turns: 1724, Time: 00:03:10

Health: -1/24      AC:  2    Str:  7    XL:     4   Next: 9%
Magic:  1/11       EV: 12    Int: 20    God:
Gold:   98         SH:  0    Dex: 15    Spells: 3/9 levels left

rFire   . . .      SeeInvis .    b - +2 short sword (drain)
rCold   . . .      Faith    .    (no shield)
rNeg    + . .      Spirit   .    a - +0 robe
rPois   .          Reflect  .    (no helmet)
rElec   .          Rampage  .    (no cloak)
rCorr   .                        (no gloves)
Will    .....                    (no boots)
Stlth   ++                       (no amulet)
HPRegen 0.24/turn                k - ring of positive energy
MPRegen 0.12/turn                (no ring)

@: no status effects
A: no striking features
a: no special abilities


You were on level 2 of the Dungeon.
You visited 1 branch of the dungeon, and saw 3 of its levels.

You collected 98 gold pieces.

Inventory:

Hand Weapons
 b - a +2 short sword of draining (weapon)
Armour
 a - a +0 robe (worn)
Jewellery
 k - a ring of positive energy (left hand)
Scrolls
 c - a scroll of magic mapping {unknown}
 d - a scroll of amnesia {unknown}
 g - 3 scrolls of identify
 h - a scroll of silence {unknown}
 i - a scroll of teleportation {unknown}
Potions
 e - a potion of cancellation
 f - a potion of brilliance
 j - a potion of haste {unknown}
 l - a potion of lignification {unknown}
 m - a potion of curing


   Skills:
 + Level 0.9 Fighting
 - Level 2.4 Dodging
 + Level 3.1 Stealth
 + Level 3.4 Spellcasting
 * Level 2.5 Conjurations
 * Level 3.6 Air Magic


You had 3 spell levels left.
You knew the following spells:

 Your Spells              Type           Power      Damage    Failure   Level
a - Shock                 Conj/Air       60%        1d6       3%          1
b - Static Discharge      Conj/Air       30%        2-4/arc   6%          2
c - Swiftness             Air            18%        N/A       9%          3

Your spell library contained the following spells:

 Spells                   Type           Power      Damage    Failure   Level
 Airstrike                Air            9%         2d(2-18)  30%         4


Dungeon Overview and Level Annotations

Branches:
Dungeon (3/15)

Altars:

Annotations:
D:2 Sigmund


Message History

Sigmund drinks a potion.
Sigmund is healed!
Found a stone staircase leading down.
Sigmund shouts!
Sigmund hits you from afar with a +0 scythe.
Sigmund hits you with a +0 scythe!
Casting: Shock (safe; 3% risk of failure)
Confirm with . or Enter, or press ? or * to list all spells.
Sigmund is struck by an arc of lightning.
Sigmund is moderately wounded.
You are struck by an arc of lightning.
The lightning grounds out.
Unknown command.
Casting: Static Discharge (safe; 6% risk of failure)
Confirm with . or Enter, or press ? or * to list all spells.
Sigmund is struck by an arc of lightning.
Sigmund is heavily wounded.
You are struck by an arc of lightning.
* * * LOW HITPOINT WARNING * * *
The lightning grounds out.
Sigmund barely misses you.
Casting: Static Discharge (safe; 6% risk of failure)
Confirm with . or Enter, or press ? or * to list all spells.
Sigmund is struck by an arc of lightning.
Sigmund is heavily wounded.
You are struck by an arc of lightning.
* * * LOW HITPOINT WARNING * * *
Sigmund is struck by an arc of lightning.
Sigmund is severely wounded.
The lightning grounds out.
Sigmund says, "You will soon forget everything."
Sigmund points at you and mumbles some strange words.
You resist with some effort.
Casting: Static Discharge (safe; 6% risk of failure)
Confirm with . or Enter, or press ? or * to list all spells.
Sigmund is struck by an arc of lightning.
Sigmund is severely wounded.
You are struck by an arc of lightning.
* * * LOW HITPOINT WARNING * * *
Sigmund is struck by an arc of lightning.
Sigmund is almost dead.
The lightning grounds out.
Sigmund hits you with a +0 scythe.
You die...

...####..#### #.....#.#.##
....@.......####.....#...#
.#..######...#.##........#
# ####...#...........#
#.......#########..##
#.##....# #.... #.##....#
#.### #@##.@..# #.#
#.##@##.# #.#
#.#.##.##.### #.###
#..........# #....
##.##..###.# #####
.........#.# #.#..#.##.# .
#...#.#.# .# ## ##.##.#..
# . .##.


You could see Sigmund.

Vanquished Creatures
  4 adders
  A worm (D:2)
  A dart slug (D:1)
  2 ball pythons (D:1)
  4 endoplasms
  A giant cockroach (D:1)
  4 goblins
  6 hobgoblins
  3 kobolds
  A quokka (D:1)
  A frilled lizard (D:1)
  3 rats (D:1)
31 creatures vanquished.

Notes
Turn   | Place    | Note
-------+----------+-------------------------------------------
     0 | D:1      | LustLizard the Deep Elf Air Elementalist began the quest
                  | for the Orb.
     0 | D:1      | Reached XP level 1. HP: 10/10 MP: 6/6
   389 | D:1      | Reached XP level 2. HP: 15/15 MP: 5/8
   820 | D:1      | Learned a level 2 spell: Static Discharge
   970 | D:2      | Reached XP level 3. HP: 14/20 MP: 0/9
  1526 | D:2      | Learned a level 3 spell: Swiftness
  1535 | D:2      | Found a faded altar of an unknown god.
  1561 | D:2      | Reached XP level 4. HP: 24/24 MP: 7/11
  1691 | D:2      | Noticed Sigmund
  1724 | D:2      | Slain by Sigmund

Illustrated notes

Levels and vault maps discovered:
D:1:      wander_arrival_estate, layout_basic
D:2:      minmay_chambers_of_twos, layout_loops_cross,
          shapermc_ecumenical_altar_mp_vishouse, uniq_sigmund
D:3:      layout_basic, nicolae_ru_great_annihilating_truth

Skill      XL: |  1  2  3 |
---------------+----------+-----
Conjurations   | 2 |  2.5
Stealth        | 3 |  3.1
Fighting       | |  0.9
Dodging        | |  2.4
Spellcasting   | |  3.4
Air Magic      | |  3.6

Action                     |  1- 3 |  4- 6 || total
---------------------------+-------+-------++-------
   Cast: Shock             |    58 |     8 ||    66
         Static Discharge  |     8 |     4 ||    12
    Use: Scroll            |     3 |       ||     3
         Potion            |     1 |       ||     1
 Armour: Robe              |     2 |       ||     2
  Dodge: Dodged            |     7 |     1 ||     8

Table legend: (Time is in decaauts)
 A = Elapsed time spent in this place.
 B = Non-inter-level travel time spent in this place.
 C = Inter-level travel time spent in this place.
 D = Time resting spent in this place.
 E = Time spent auto-exploring this place.
 F = Levels seen in this place.
 G = Mean time per level.
                   A        B        C        D        E       F      G
               +--------+--------+--------+--------+--------+-----+--------+
         Total |   1723 |   1637 |     86 |     55 |   1388 |   3 |  574.3 |
       Dungeon |   1723 |   1637 |     86 |     55 |   1388 |   3 |  574.3 |
               +--------+--------+--------+--------+--------+-----+--------+

Top non-repeatable levels by time:
     D:1: 1057 daAuts
     D:2: 664 daAuts
     D:3: 1 daAuts
